 Dungeon Crawl Stone Soup version 0.27-a0-13-g87abb2d9eb (webtiles) character file.

Game seed: 6790764943090586342

229 funkygono the Gusty (level 5, 0/38 HPs)
             Began as a Draconian Air Elementalist on Jan 2, 2021.
             Killed from afar by Ijyb (3 damage)
             ... with an iceblast
             ... on level 3 of the Dungeon.
             The game lasted 00:06:23 (2959 turns).

funkygono the Gusty (Draconian Air Elementalist)    Turns: 2959, Time: 00:06:23

Health: 0/38       AC:  6    Str: 10    XL:     5   Next: 71%
Magic:  7/10       EV: 12    Int: 16    God:
Gold:   145        SH:  0    Dex: 12    Spells: 5/11 levels left

rFire    + . .     SeeInvis .   m - +2 whip (venom)
rCold    x . .     Faith    .   (no shield)
rNeg     . . .     Spirit   .   (armour unavailable)
rPois    .         Reflect  .   (helmet restricted)
rElec    .         Harm     .   (no cloak)
rCorr    .         Rampage  .   g - +0 pair of gloves
Will     .....                  (no boots)
Stlth    ++........             (no amulet)
HPRegen  0.12/turn              h - ring of fire
MPRegen  0.12/turn              (no ring)

@: swift (expiring), quick
A: unfitting armour, cold-blooded, AC +5
a: no special abilities


You were on level 3 of the Dungeon.
You visited 1 branch of the dungeon, and saw 3 of its levels.

You collected 145 gold pieces.

Inventory:

Hand Weapons
 b - a +0 dagger
 c - a +1 vorpal flail
 m - a +2 whip of venom (weapon)
Armour
 g - a +0 pair of gloves (worn)
Jewellery
 h - a ring of fire (left hand)
 l - a +4 ring of slaying {unknown}
Scrolls
 f - a scroll of amnesia
 k - 3 scrolls of remove curse
Potions
 a - a potion of resistance
 d - a potion of ambrosia
 e - a potion of lignification
 i - 2 potions of curing
 j - a potion of heal wounds {unknown}


   Skills:
 + Level 0.1 Short Blades
 * Level 2.1 Dodging
 + Level 1.8 Stealth
 * Level 3.8 Spellcasting
 * Level 2.5 Conjurations
 * Level 4.4 Air Magic


You had 5 spell levels left.
You knew the following spells:

 Your Spells              Type           Power        Failure   Level
a - Shock                 Conj/Air       56%          4%          1
b - Swiftness             Air            17%          4%          2
c - Static Discharge      Conj/Air       14%          12%         3

Your spell library contained the following spells:

 Spells                   Type           Power        Failure   Level
 Airstrike                Air            8%           28%         4
 Lightning Bolt           Conj/Air       7%           75%         5


Dungeon Overview and Level Annotations

Branches:
Dungeon (3/15)

Altars:
Elyvilon
Kikubaaqudgha
Okawaru

Annotations:
D:3 Ijyb


Innate Abilities, Weirdness & Mutations

Your plain brown scales are hard. (AC +5)
You cannot fit into any form of body armour.
You are cold-blooded and may be slowed by cold attacks.


Message History

Aim: Ijyb, wielding a +1 dagger of venom, wearing a +0 leather armour and carrying a wand of iceblast (7) (moderately wounded, 36% to evade)
The zap hits Ijyb.
Ijyb is heavily wounded.
Ijyb zaps a wand.
The mass of ice explodes!
The iceblast engulfs you!
You feel a painful chill!
* * * LOW HITPOINT WARNING * * *
Casting: Shock (safe; 4% risk of failure)
Confirm with . or Enter, or press ? or * to list all spells.
You feel quick.
Ijyb zaps a wand.
The mass of ice explodes!
The iceblast engulfs you!
You feel a painful chill!
* * * LOW HITPOINT WARNING * * *
You start to feel a little slower.
Unknown command.
A worm comes into view.
You hit the worm.
The worm is poisoned.
The worm is lightly wounded.
The worm barely misses you.
Ijyb zaps a wand.
The mass of ice explodes!
The iceblast engulfs you.
You die...

....# ######## ..#.# #......#
############# ..#.######'####.#
#...........#
..#.#.......###.###.##....###.#
..#.#........>..............#.#
.##.#.........#.###.#...#.#.#.###
..#.#......(...(()...............
###.########..#.....#.........###
#<#...........##@##.#.#..###.(#
#†#...........w..##.#.......#.##
#)#.#########.#.....##.#.##.#..#
..#.†.........#.##.....#.#..##÷#
###############.##...###.....#g##
#.##.....#.....#g.#
#g##.#...#.....##.#
#.##.#####.....##.. #.##..
..#.#####.


You could see Ijyb and a worm (very poisoned).

Vanquished Creatures
  A hound (D:3)
  2 orc wizards (D:3)
  8 gnolls
  An adder (D:2)
  An ooze (D:2)
  A worm (D:2)
  2 dart slugs (D:2)
  4 leopard geckos
  2 orcs (D:3)
  2 giant cockroaches (D:2)
  4 goblins
  4 hobgoblins
  2 jackals (D:2)
  A quokka (D:3)
  3 bats
  5 frilled lizards
  3 kobolds
  7 rats
53 creatures vanquished.

Notes
Turn   | Place    | Note
-------+----------+-------------------------------------------
     0 | D:1      | funkygono the Draconian Air Elementalist began the quest
                  | for the Orb.
     0 | D:1      | Reached XP level 1. HP: 14/14 MP: 3/3
   453 | D:1      | Reached XP level 2. HP: 20/20 MP: 0/5
   456 | D:1      | Learned a level 2 spell: Swiftness
  1110 | D:2      | Reached XP level 3. HP: 26/26 MP: 2/6
  1191 | D:2      | Learned a level 3 spell: Static Discharge
  1739 | D:2      | Found an ancient bone altar of Kikubaaqudgha.
  1869 | D:2      | Found an iron altar of Okawaru.
  1930 | D:2      | Reached XP level 4. HP: 33/33 MP: 5/8
  2210 | D:3      | Reached skill level 4 in Air Magic
  2457 | D:3      | Reached XP level 5. HP: 35/38 MP: 5/9
  2890 | D:3      | Found a white marble altar of Elyvilon.
  2932 | D:3      | Noticed Ijyb
  2959 | D:3      | Killed from afar by Ijyb

Illustrated notes

Levels and vault maps discovered:
D:1:      erik_arrival_blinker_ship, layout_basic
D:2:      layout_rooms, lemuel_doored_altar, lemuel_crystal_altar
D:3:      layout_basic, lemuel_altar_in_water, uniq_ijyb

Skill      XL: |  1  2  3  4 |
---------------+-------------+-----
Dodging        | 2 |  2.1
Spellcasting   | 3 |  3.8
Air Magic      | 4 |  4.4
Conjurations   | 2 |  2.5
Short Blades   | |  0.1
Stealth        | |  1.8

Action                   |  1- 3 |  4- 6 || total
-------------------------+-------+-------++-------
Melee: Unarmed           |     9 |       ||     9
       Tailslap          |     4 |     1 ||     5
       Dagger            |    11 |     7 ||    18
       Whip              |       |     8 ||     8
 Cast: Shock             |    86 |    51 ||   137
       Swiftness         |       |     1 ||     1
  Use: Scroll            |     6 |     2 ||     8
Armor: Skin              |     9 |     4 ||    13
Dodge: Dodged            |    30 |    15 ||    45

Table legend: (Time is in decaauts)
 A = Elapsed time spent in this place.
 B = Non-inter-level travel time spent in this place.
 C = Inter-level travel time spent in this place.
 D = Time resting spent in this place.
 E = Time spent auto-exploring this place.
 F = Levels seen in this place.
 G = Mean time per level.
                   A        B        C        D        E       F      G
               +--------+--------+--------+--------+--------+-----+--------+
         Total |   2955 |   2917 |     38 |     71 |   2433 |   3 |  985.0 |
       Dungeon |   2955 |   2917 |     38 |     71 |   2433 |   3 |  985.0 |
               +--------+--------+--------+--------+--------+-----+--------+

Top non-repeatable levels by time:
     D:2: 1176 daAuts
     D:1: 1019 daAuts
     D:3: 759 daAuts
